 Dungeon Crawl Stone Soup version 0.31-a0-261-g072fdb8a1f (webtiles) character file.

Game seed: 12290337013424517475

304 qw the Shooter (level 6, 0/52 HPs)
             Began as a Minotaur Hexslinger on July 13, 2023.
             Succumbed to an orc priest's poison
             ... on level 4 of the Dungeon.
             The game lasted 00:00:59 (2271 turns).

qw the Shooter (Minotaur Hexslinger)                Turns: 2271, Time: 00:01:00

Health: 0/52       AC:  4    Str: 13    XL:     6   Next: 15%
Magic:  6/6        EV: 12    Int: 10    God:
Gold:   26         SH:  0    Dex: 14    Spells: 6/7 levels left

rFire   . . .        Y - +1 sling
rCold   . . .        (no shield)
rNeg    . . .        e - +0 leather armour
rPois   .            (helmet restricted)
rElec   .            (no cloak)
rCorr   .            a - +0 pair of gloves
SInv    .            (no boots)
Will    .....        (no amulet)
Stlth   +            (no ring)
HPRegen 0.28/turn    (no ring)
MPRegen 0.10/turn

%: no passive effects
@: lethally poisoned (0 -> 0)
A: horns 2, retaliatory headbutt
a: no special abilities


You were on level 4 of the Dungeon.
You visited 1 branch of the dungeon, and saw 4 of its levels.

You collected 156 gold pieces.
You spent 130 gold pieces at shops.


Innate Abilities, Weirdness & Mutations

You have a pair of horns on your head.
You reflexively headbutt those who attack you in melee.


   Skills:
 + Level 3.7 Fighting
 - Level 6.2 Ranged Weapons
 - Level 1.1 Armour
 - Level 2.1 Dodging
 - Level 1.0 Spellcasting
 - Level 2.0 Hexes


You had 6 spell levels left.
You knew the following spells:

 Your Spells              Type           Power      Damage    Failure   Level
a - Slow                  Hex            16%        N/A       19%         1

Your spell library contained the following spells:

 Spells                   Type           Power      Damage    Failure   Level
 Inner Flame              Hex/Fire       2%         N/A       65%         3
 Portal Projectile        Hex/Tloc       4%         N/A       65%         3
 Cause Fear               Hex            2%         N/A       88%         4

Inventory:

Hand Weapons
 Y - a +1 sling (weapon)
Armour
 a - a +0 pair of gloves (worn)
 d - a +0 ring mail
 e - a +0 leather armour (worn)
Scrolls
 b - 6 scrolls of identify
 f - a scroll of teleportation
Potions
 c - a potion of enlightenment {unknown}

Dungeon Overview and Level Annotations

Branches:
Dungeon (4/15)
 Temple: D:4-7

Altars:
Kikubaaqudgha
Nemelex Xobeh
Sif Muna

Shops:
D:4 ?

Annotations:
D:4 2 transporters, qw's ghost, amateur GrHs


Message History

You are more poisoned.
You shoot a sling bullet.
The sling bullet closely misses the orc priest.
You feel very sick.
The orc priest invokes the aid of Beogh against you.
Beogh smites you!
You shoot a sling bullet.
The sling bullet closely misses the orc priest.
The sling bullet hits the orc.
You kill the orc!
You feel very sick.
The orc priest calls down the wrath of Beogh upon you.
You barely resist.
2263 ||| READING 2 scrolls of teleportation.
As you read the scroll of teleportation, it crumbles to dust.
You feel strangely unstable.
You feel very sick. The orc priest barely misses you.
You shoot a sling bullet.
The sling bullet barely misses the orc priest.
You feel very sick. The orc priest closely misses you. You furiously retaliate!
You headbutt the orc priest! You shoot a sling bullet.
The sling bullet hits the orc priest but does no damage.
The orc priest is heavily wounded.
Your surroundings suddenly seem different.
You feel sick.
There is a lethal amount of poison in your body!
You feel sick.
There is a lethal amount of poison in your body!
You feel sick.
There is a lethal amount of poison in your body!
You feel sick.
There is a lethal amount of poison in your body!
You feel sick.
There is a lethal amount of poison in your body!
You feel sick.
There is a lethal amount of poison in your body!
You die...

#.##.#.# #......
###.##...##..##...
#.....#.....###...
#.(......#>###....
#..<\........o)#.g
#........#..####.)
#..............#.#
#.....##..#.......
####@....##..######..
#.)......##..## #..
#...##))...##...# #..
#.##
#...).##...#####.# ..
#######........#.#
#.# #........#.# .
#........#.#
...####........#.#
.......<..........


There were no monsters in sight!

Vanquished Creatures
  A phantom (D:4)
  2 vampire bats (D:3)
  3 adders (D:3)
  5 gnolls
  A worm (D:2)
  A dart slug (D:1)
  7 orcs
  3 bats
  3 bat skeletons (D:3)
  A bat zombie (D:3)
  8 endoplasms
  6 giant cockroaches
  5 goblins
  5 hobgoblins
  7 kobolds
  5 ball pythons
  2 frilled lizards (D:1)
  3 rats
68 creatures vanquished.

Notes
Turn   | Place    | Note
-------+----------+-------------------------------------------
     0 | D:1      | qw the Minotaur Hexslinger began the quest for the Orb.
     0 | D:1      | Reached XP level 1. HP: 16/16 MP: 1/1
     0 | D:1      | 0 ||| qw: Version: 0.3-a-52-g30416fa
     0 | D:1      | 0 ||| qw: Game counter: 6987
     0 | D:1      | 0 ||| qw: Melee chars always use a shield: true
     0 | D:1      | 0 ||| qw: God list: Okawaru
     0 | D:1      | 0 ||| qw: Allow faded altars: false
     0 | D:1      | 0 ||| qw: Do Orc after clearing Dungeon:15 true
     0 | D:1      | 0 ||| qw: Do second Lair branch before Depths: true
     0 | D:1      | 0 ||| qw: Lair rune preference: random
     0 | D:1      | 0 ||| qw: Goals: Normal
     0 | D:1      | 0 ||| PLANNING D:1-11
   108 | D:1      | Reached skill level 3 in Ranged Weapons
   110 | D:1      | Reached XP level 2. HP: 23/23 MP: 2/2
   409 | D:1      | Found a faded altar of an unknown god.
   418 | D:1      | Reached XP level 3. HP: 29/29 MP: 3/3
   673 | D:1      | 673 ||| UPGRADING to +0 leather armour.
   683 | D:1      | 683 ||| DROPPING +0 robe.
   684 | D:1      | 684 ||| DROPPING scarf of shadows.
   685 | D:1      | 685 ||| READING scroll labelled TESSYDULYD.
   688 | D:1      | 688 ||| READING scroll labelled MUTHAZOATE.
   689 | D:1      | 689 ||| READING scroll labelled WIDETYLAAS.
   690 | D:1      | 690 ||| DROPPING scroll of poison.
   741 | D:2      | Found a sparkling altar of Nemelex Xobeh.
   812 | D:2      | 812 ||| FLEEEEING.
   813 | D:2      | 813 ||| FLEEEEING.
   814 | D:2      | 814 ||| FLEEEEING.
   815 | D:2      | 815 ||| FLEEEEING.
   816 | D:2      | 816 ||| FLEEEEING.
   817 | D:2      | 817 ||| FLEEEEING.
  1196 | D:2      | 1196 ||| READING scroll labelled MUBBOF VIUTZ.
  1197 | D:2      | 1197 ||| READING 4 scrolls of identify.
  1197 | D:2      | 1197 ||| IDENTIFYING silvery potion
  1198 | D:2      | 1198 ||| DROPPING potion of attraction.
  1228 | D:3      | Reached skill level 4 in Ranged Weapons
  1267 | D:3      | 1267 ||| FLEEEEING.
  1273 | D:3      | Reached XP level 4. HP: 18/36 MP: 4/4
  1407 | D:3      | Found a shimmering blue altar of Sif Muna.
  1601 | D:3      | Reached skill level 5 in Ranged Weapons
  1891 | D:3      | Found an ancient bone altar of Kikubaaqudgha.
  1895 | D:3      | Reached skill level 3 in Fighting
  1895 | D:3      | Reached XP level 5. HP: 39/45 MP: 5/5
  1940 | D:3      | 1940 ||| UPGRADING to +0 pair of gloves.
  1998 | D:4      | Found a transporter.
  2000 | D:4      | Found a transporter.
  2000 | D:4      | Noticed qw's ghost (amateur GrHs)
  2018 | D:4      | Noticed a phantom
  2027 | D:4      | Killed a phantom
  2028 | D:4      | Reached skill level 6 in Ranged Weapons
  2028 | D:4      | Reached XP level 6. HP: 40/51 MP: 6/6
  2048 | D:4      | HP: 12/51 [gnoll/+0 spear (7)]
  2049 | D:4      | 2049 ||| READING 2 scrolls of teleportation.
  2050 | D:4      | HP: 4/51 [gnoll/+0 spear (2)]
  2051 | D:4      | HP: 1/51 [gnoll/+0 spear (1)]
  2083 | D:4      | 2083 ||| READING scroll of teleportation.
  2086 | D:4      | Reached skill level 1 in Armour
  2086 | D:4      | Found Jiasub's Magic Scroll Emporium.
  2245 | D:4      | 2245 ||| BUYING 2 scrolls of teleportation (78 gold).
  2245 | D:4      | Bought 2 scrolls of teleportation for 78 gold pieces
  2245 | D:4      | 2245 ||| SHOPLISTING scroll of brand weapon (123 gold, have
                  | 78).
  2245 | D:4      | 2245 ||| BUYING scroll of identify (26 gold).
  2245 | D:4      | Bought a scroll of identify for 26 gold pieces
  2245 | D:4      | 2245 ||| BUYING scroll of identify (26 gold).
  2245 | D:4      | Bought a scroll of identify for 26 gold pieces
  2262 | D:4      | HP: 13/52 [poisoned by an orc priest]
  2263 | D:4      | 2263 ||| READING 2 scrolls of teleportation.
  2265 | D:4      | HP: 6/52 [poisoned by an orc priest]
  2269 | D:4      | HP: 2/52 [poisoned by an orc priest]
  2271 | D:4      | Succumbed to an orc priest's poison

Levels and vault maps discovered:
D:1:      lemuel_arrival_hallway, layout_basic,
          shapermc_ecumenical_altar_flowoftime
D:2:      layout_rooms, basic_altar
D:3:      layout_loops_ring, lemuel_blue_sif_altar, kennysheep_vampire_church
D:4:      layout_rooms, lemuel_crystal_altar, serial_shops, shop,
          gammafunk_ghost_arena

Skill      XL: |  1  2  3  4  5  6 |
---------------+-------------------+-----
Ranged Weapons | 3 4 5 6 |  6.2
Fighting       | 2 3 |  3.7
Armour         | 1 |  1.1
Dodging        | |  2.1
Spellcasting   | |  1.0
Hexes          | |  2.0

Action                     |  1- 3 |  4- 6 || total
---------------------------+-------+-------++-------
   Fire: Sling             |   109 |   125 ||   234
    Use: Scroll            |     5 |     3 ||     8
 Armour: Robe              |     5 |       ||     5
         Leather armour    |     3 |    18 ||    21
  Dodge: Dodged            |    27 |    45 ||    72

Table legend:
 A = Non-vault XP
 B = Vault XP
 C = Vault XP percentage of total XP
 D = Non-vault monster count
 E = Vault monster count
 F = Vault count percentage of total count
                 A         B        C        D         E       F
            +---------+---------+-------+---------+---------+-------
      Total |     315 |     120 |  27.6 |      62 |       6 |   8.8
            +---------+---------+-------+---------+---------+-------
        D:1 |      42 |       0 |   0.0 |      24 |       0 |   0.0
        D:2 |      20 |       0 |   0.0 |      10 |       0 |   0.0
        D:3 |     102 |     120 |  54.1 |      16 |       6 |  27.3
        D:4 |     151 |       0 |   0.0 |      12 |       0 |   0.0
            +---------+---------+-------+---------+---------+-------
